Quebec Nordiques vs Chicago Black Hawks
Created - Friday, October 24, 2025 at 07:59
Goals
|
| Quebec Nordiques |
0 |
2 |
2 |
4 |
| Chicago Black Hawks |
0 |
0 |
1 |
1 |
|
Shots
|
| Quebec Nordiques |
5 |
18 |
15 |
38 |
| Chicago Black Hawks |
17 |
10 |
14 |
41 |
|
1st period
No Goal
Penalties :
No Penalty
2nd period
1. Quebec Nordiques , Connor McDavid 26 (Alex DeBrincat 29) at 3:55 (PP)
2. Quebec Nordiques , Steven Stamkos 39 (Thomas Harley 22, Matthew Knies 31) at 14:13 (PP)
Penalties :
Jonas Brodin (CHI) for Roughing (Minor) at 3:51, Zachary Werenski (CHI) for Goalie Interference (Minor) at 9:24, Jonas Brodin (CHI) for High sticking (Minor) at 13:35, Brett Howden (CHI) for Slashing (Minor) at 17:34
3rd period
3. Quebec Nordiques , Rickard Rakell 23 (Alexandre Carrier 9) at 3:54
4. Chicago Black Hawks , Morgan Frost 11 (Trevor Zegras 41) at 6:59 (PP)
5. Quebec Nordiques , Thomas Harley 6 (Connor McDavid 54, Rickard Rakell 31) at 16:32 (PP)
Penalties :
Michael Anderson (QUE) for Roughing (Minor) at 6:30, Shane Wright (CHI) for Hooking (Minor) at 16:17
Goalie Stats
Lukas Dostal (QUE), 40 saves from 41 shots - (0.976), W, 9-6-0, 60:00 minutes
Filip Gustavsson (CHI), 34 saves from 38 shots - (0.895), L, 17-19-6, 60:00 minutes
Players Stats for Quebec Nordiques
Player Name G A P +/- PIM S H SB GA TA FO MP PP MP PK MP
------------------------------------------------------------------------------------
Alex DeBrincat 0 1 1 0 0 1 2 0 0 2 1/3 21:13 2:39 0:00
Alex Vlasic 0 0 0 0 0 2 1 1 0 3 0/0 24:57 1:29 0:29
Alexandre Carrier 0 1 1 1 0 0 2 1 0 0 0/0 16:02 1:29 0:00
Brock Faber 0 0 0 0 0 5 2 2 1 1 0/0 26:27 3:26 0:29
Connor Brown 0 0 0 0 0 1 0 1 0 0 0/1 7:59 0:00 0:00
Connor McDavid 1 1 2 0 0 6 0 0 0 0 13/29 21:11 2:43 0:00
Frederick Gaudreau 0 0 0 0 0 2 1 1 2 0 0/0 8:28 0:00 0:29
Jake Middleton 0 0 0 1 0 1 0 0 0 1 0/0 14:32 0:00 0:00
Marco Rossi 0 0 0 0 0 3 2 1 1 0 6/13 15:32 0:04 0:00
Matt Duchene 0 0 0 0 0 3 0 0 0 0 0/2 17:38 2:12 0:00
Matthew Knies 0 1 1 0 0 0 0 1 3 0 2/3 17:42 2:12 0:00
Michael Anderson 0 0 0 0 2 0 2 0 0 0 0/0 17:30 0:00 0:00
Michael McCarron 0 0 0 0 0 0 1 0 0 2 4/6 7:59 0:00 0:00
Nikolaj Ehlers 0 0 0 1 0 3 1 1 1 0 0/3 12:53 0:04 0:00
Rickard Rakell 1 1 2 1 0 5 1 0 0 0 0/2 15:06 2:39 0:00
Shane Pinto 0 0 0 1 0 2 2 1 0 0 1/7 13:12 0:00 0:29
Steven Stamkos 1 0 1 0 0 3 1 1 1 0 0/0 20:38 2:12 0:00
Thomas Harley 1 1 2 0 0 1 1 1 0 2 0/0 20:31 3:26 0:00
Players Stats for Chicago Black Hawks
Player Name G A P +/- PIM S H SB GA TA FO MP PP MP PK MP
------------------------------------------------------------------------------------
Barrett Hayton 0 0 0 0 0 0 2 0 0 0 19/24 18:36 0:09 2:33
Bobby Brink 0 0 0 -1 0 3 0 1 0 0 0/0 12:58 0:00 0:00
Brent Burns 0 0 0 0 0 2 1 2 0 0 0/0 19:43 0:05 2:32
Brett Howden 0 0 0 0 2 3 0 1 1 2 0/0 9:54 0:00 0:00
Christopher Tanev 0 0 0 0 0 1 0 1 0 0 0/0 19:43 0:05 2:32
Eeli Tolvanen 0 0 0 0 0 1 2 0 0 0 0/0 15:49 0:00 0:00
Jonas Brodin 0 0 0 0 4 0 2 2 1 2 0/0 21:40 0:00 0:53
Justin Faulk 0 0 0 -1 0 0 2 0 0 1 0/0 19:31 0:24 2:23
Leo Carlsson 0 0 0 0 0 4 0 0 1 0 10/15 18:27 0:20 2:18
Lucas Raymond 0 0 0 0 0 4 0 2 2 1 0/3 16:05 0:00 0:04
Matthew Beniers 0 0 0 -1 0 4 0 0 0 0 10/14 15:51 0:20 2:33
Morgan Frost 1 0 1 0 0 5 1 0 0 0 0/5 9:57 0:09 0:00
Noah Dobson 0 0 0 0 0 1 1 2 0 0 0/0 13:30 0:00 0:00
Oliver Bjorkstrand 0 0 0 0 0 5 1 2 0 0 2/6 18:27 0:20 2:18
Ryan Suzuki 0 0 0 0 0 0 1 0 1 0 0/0 9:48 0:00 0:00
Shane Wright 0 0 0 -1 2 4 2 0 1 1 1/1 12:57 0:00 0:00
Trevor Zegras 0 1 1 0 0 2 1 1 3 0 0/1 16:14 0:09 0:04
Zachary Werenski 0 0 0 -1 2 2 0 2 1 2 0/0 25:50 0:24 1:30
3 Stars
1 - Lukas Dostal (QUE)
2 - Rickard Rakell (QUE)
3 - Thomas Harley (QUE)
Power Play
Quebec Nordiques - 3 on 5 Attempt(s) - 60.00%
Chicago Black Hawks - 1 on 1 Attempt(s) - 100.00%
Penalty Kill
Quebec Nordiques - 0 on 1 Attempt(s) - 0.00%
- Score 0 goal in Penalty Kill
Chicago Black Hawks - 2 on 5 Attempt(s) - 40.00%
- Score 0 goal in Penalty Kill
Team Stat
Quebec Nordiques - Hits : 19 - Faceoff Wins : 27 - Blocked Shots : 12 - Penalty Minutes : 2
Chicago Black Hawks - Hits : 16 - Faceoff Wins : 42 - Blocked Shots : 16 - Penalty Minutes : 10
Official
Referees : Chris Schlenker and Michael Markovic
Linesman : Bevan Mills and Justin Johnson
Game Notes
No Game Note
Finance
Level 1 -- Attendance: 4660 (77.67%) -- Ticket Income $466,000
Level 2 -- Attendance: 3543 (70.86%) -- Ticket Income $212,580
Level 3 -- Attendance: 2103 (70.10%) -- Ticket Income $73,605
Level 4 -- Attendance: 3504 (70.08%) -- Ticket Income $87,600
Luxury Box -- Attendance: 815 (81.50%) -- Ticket Income $163,000
Game was played at the United Center.
Total Attendance: 14625 (73.13%)
Total Ticket Income: $1,002,785
Other Income: $350,975
Total Income: $1,353,760
Quebec Nordiques
5 vs 5 Forward
Center Left Wing Right Wing Time % Phy DF OF
1 Connor McDavid Alex DeBrincat Steven Stamkos 35 1 1 3
2 Marco Rossi Matthew Knies Matt Duchene 30 1 1 3
3 Shane Pinto Rickard Rakell Nikolaj Ehlers 25 1 1 3
4 Michael McCarron Frederick Gaudreau Connor Brown 10 1 3 1
5 vs 5 Defense
Defense Defense Time % Phy DF OF
1 Alex Vlasic Brock Faber 37 1 2 2
2 Thomas Harley Michael Anderson 32 1 2 2
3 Jake Middleton Alexandre Carrier 26 1 2 2
4 Alex Vlasic Brock Faber 5 1 2 2
PowerPlay Forward
Center Left Wing Right Wing Time % Phy DF OF
1 Connor McDavid Alex DeBrincat Rickard Rakell 60 1 0 4
2 Matt Duchene Matthew Knies Steven Stamkos 40 1 0 4
PowerPlay Defense
Defense Defense Time % Phy DF OF
1 Thomas Harley Brock Faber 60 1 1 3
2 Alexandre Carrier Alex Vlasic 40 1 1 3
Penalty Kill 4 Players Forward
Center Wing Time % Phy DF OF
1 Shane Pinto Frederick Gaudreau 60 2 3 0
2 Michael McCarron Connor Brown 40 2 3 0
Penalty Kill 4 Players Defense
Defense Defense Time % Phy DF OF
1 Alex Vlasic Michael Anderson 60 2 3 0
2 Alexandre Carrier Jake Middleton 40 2 3 0
Penalty Kill - 3 Players Forward
Forward Time % Phy DF OF
1 Shane Pinto 60 2 3 0
2 Michael McCarron 40 2 3 0
Penalty Kill - 3 Players Defense
Defense Defense Time % Phy DF OF
1 Alex Vlasic Michael Anderson 50 2 3 0
2 Alexandre Carrier Jake Middleton 50 1 3 0
4 vs 4 Forward
Center Wing Time % Phy DF OF
1 Connor McDavid Steven Stamkos 60 1 1 3
2 Matt Duchene Alex DeBrincat 40 1 1 3
4 vs 4 Defense
Defense Defense Time % Phy DF OF
1 Alex Vlasic Brock Faber 60 1 2 2
2 Thomas Harley Michael Anderson 40 1 2 2
Last Minutes Offensive
Center Left Wing Right Wing Defense Defense
Connor McDavid Matt Duchene Alex DeBrincat Thomas Harley Brock Faber
Last Minutes Defensive
Center Left Wing Right Wing Defense Defense
Shane Pinto Frederick Gaudreau Michael McCarron Alex Vlasic Michael Anderson
Goaltenders
Starting : Lukas Dostal
Backup : Joseph Woll
Extra Forwards
Normal : Rickard Rakell, Shane Pinto, Nikolaj Ehlers - PP : Nikolaj Ehlers, Marco Rossi - PK : Matthew Knies
Extra Defensemen
Normal : Jake Middleton, Alexandre Carrier, Alex Vlasic - PP : Alexandre Carrier - PK : Brock Faber, Thomas Harley
Penalty Shots
Alex DeBrincat, Connor McDavid, Matt Duchene, Frederick Gaudreau, Rickard Rakell
Scratches
Collin Graf (Healthy)
Chicago Black Hawks
5 vs 5 Forward
Center Left Wing Right Wing Time % Phy DF OF
1 Leo Carlsson Eeli Tolvanen Oliver Bjorkstrand 30 1 2 2
2 Barrett Hayton Lucas Raymond Trevor Zegras 30 1 2 2
3 Matthew Beniers Shane Wright Bobby Brink 25 1 2 2
4 Morgan Frost Brett Howden Ryan Suzuki 15 1 2 2
5 vs 5 Defense
Defense Defense Time % Phy DF OF
1 Zachary Werenski Justin Faulk 30 1 2 2
2 Brent Burns Christopher Tanev 30 1 2 2
3 Noah Dobson Jonas Brodin 25 1 2 2
4 Jonas Brodin Zachary Werenski 15 1 2 2
PowerPlay Forward
Center Left Wing Right Wing Time % Phy DF OF
1 Leo Carlsson Matthew Beniers Oliver Bjorkstrand 50 1 2 2
2 Barrett Hayton Morgan Frost Trevor Zegras 50 1 2 2
PowerPlay Defense
Defense Defense Time % Phy DF OF
1 Zachary Werenski Justin Faulk 50 1 2 2
2 Brent Burns Christopher Tanev 50 1 2 2
Penalty Kill 4 Players Forward
Center Wing Time % Phy DF OF
1 Oliver Bjorkstrand Leo Carlsson 50 1 2 2
2 Barrett Hayton Matthew Beniers 50 1 2 2
Penalty Kill 4 Players Defense
Defense Defense Time % Phy DF OF
1 Zachary Werenski Justin Faulk 50 1 2 2
2 Brent Burns Christopher Tanev 50 1 2 2
Penalty Kill - 3 Players Forward
Forward Time % Phy DF OF
1 Barrett Hayton 50 1 2 2
2 Leo Carlsson 50 1 2 2
Penalty Kill - 3 Players Defense
Defense Defense Time % Phy DF OF
1 Zachary Werenski Justin Faulk 50 1 2 2
2 Brent Burns Christopher Tanev 50 1 2 2
4 vs 4 Forward
Center Wing Time % Phy DF OF
1 Oliver Bjorkstrand Leo Carlsson 50 1 2 2
2 Barrett Hayton Matthew Beniers 50 1 2 2
4 vs 4 Defense
Defense Defense Time % Phy DF OF
1 Zachary Werenski Justin Faulk 50 1 2 2
2 Brent Burns Christopher Tanev 50 1 2 2
Last Minutes Offensive
Center Left Wing Right Wing Defense Defense
Leo Carlsson Eeli Tolvanen Oliver Bjorkstrand Zachary Werenski Justin Faulk
Last Minutes Defensive
Center Left Wing Right Wing Defense Defense
Leo Carlsson Eeli Tolvanen Oliver Bjorkstrand Zachary Werenski Justin Faulk
Goaltenders
Starting : Filip Gustavsson
Backup : Adin Hill
Extra Forwards
Normal : Shane Wright, Morgan Frost, Brett Howden - PP : Shane Wright, Morgan Frost - PK : Brett Howden
Extra Defensemen
Normal : Noah Dobson, Zachary Werenski, Jonas Brodin - PP : Noah Dobson - PK : Zachary Werenski, Jonas Brodin
Penalty Shots
Morgan Frost, Leo Carlsson, Barrett Hayton, Matthew Beniers, Oliver Bjorkstrand
Scratches
David Jiricek (Healthy), Ryan Lindgren (Healthy), Simon Nemec (Healthy), Antonio Stranges (Healthy), Noah Cates (Healthy)
% Time on Ice - Quebec Nordiques
Lines # - Real PCT - Wanted PCT - Time Play
Normal Forward
1 - 34% - 35% - 18:28
2 - 28% - 30% - 15:26
3 - 23% - 25% - 12:43
4 - 15% - 10% - 7:59
Normal Defense
1 - 38% - 37% - 20:49
2 - 32% - 32% - 17:32
3 - 27% - 26% - 14:32
4 - 3% - 5% - 1:43
PP Forward
1 - 55% - 60% - 2:43
2 - 45% - 40% - 2:12
PP Defense
1 - 70% - 60% - 3:26
2 - 30% - 40% - 1:29
PK Forward
1 - 100% - 60% - 0:29
2 - 0% - 40% - 0:00
PK Defense
1 - 100% - 60% - 0:29
2 - 0% - 40% - 0:00
PK3 Forward
1 - 0% - 60%
2 - 0% - 40%
PK3 Defense
1 - 0% - 50%
2 - 0% - 50%
44 Forward
1 - 0% - 60%
2 - 0% - 40%
44 Defense
1 - 0% - 60%
2 - 0% - 40%
Last Minute Offensive - 0:00
Last Minute Defensive - 0:00
Total
Forward - 60:00
Defense - 60:00
|
% Time on Ice - Chicago Black Hawks
Lines # - Real PCT - Wanted PCT - Time Play
Normal Forward
1 - 29% - 30% - 15:56
2 - 29% - 30% - 15:54
3 - 24% - 25% - 12:58
4 - 18% - 15% - 9:48
Normal Defense
1 - 31% - 30% - 16:44
2 - 31% - 30% - 17:06
3 - 25% - 25% - 13:30
4 - 13% - 15% - 7:16
PP Forward
1 - 69% - 50% - 0:20
2 - 31% - 50% - 0:09
PP Defense
1 - 83% - 50% - 0:24
2 - 17% - 50% - 0:05
PK Forward
1 - 48% - 50% - 2:22
2 - 52% - 50% - 2:33
PK Defense
1 - 48% - 50% - 2:23
2 - 52% - 50% - 2:32
PK3 Forward
1 - 0% - 50%
2 - 0% - 50%
PK3 Defense
1 - 0% - 50%
2 - 0% - 50%
44 Forward
1 - 0% - 50%
2 - 0% - 50%
44 Defense
1 - 0% - 50%
2 - 0% - 50%
Last Minute Offensive - 0:00
Last Minute Defensive - 0:00
Total
Forward - 60:00
Defense - 60:00
|
Play-by-Play
1st period
0:01 of 1st period - Leo Carlsson wins face-off versus Connor McDavid in neutral zone.
0:13 of 1st period - Wrist shot by Leo Carlsson.
0:13 of 1st period - Stopped by Lukas Dostal with a rebound.
0:36 of 1st period - Snap shot by Matt Duchene.
0:36 of 1st period - Shot Misses the Net.
0:52 of 1st period - Slapshot by Shane Wright.
0:52 of 1st period - Stopped by Lukas Dostal with a rebound.
1:14 of 1st period - Wrist shot by Connor Brown.
1:14 of 1st period - Stopped by Filip Gustavsson without a rebound.
1:15 of 1st period - Michael McCarron wins face-off versus Oliver Bjorkstrand in Chicago Black Hawks zone.
2:05 of 1st period - Wrist shot by Matt Duchene.
2:05 of 1st period - Shot Hit the Post.
2:17 of 1st period - Slapshot by Marco Rossi.
2:17 of 1st period - Shot Misses the Net.
2:27 of 1st period - Backhand shot by Matthew Beniers.
2:27 of 1st period - Stopped by Lukas Dostal with a rebound.
3:38 of 1st period - Backhand shot by Matthew Knies.
3:38 of 1st period - Shot Misses the Net.
4:09 of 1st period - Icing by Brett Howden.
4:10 of 1st period - Alex DeBrincat wins face-off versus Morgan Frost in Chicago Black Hawks zone.
4:15 of 1st period - Backhand shot by Connor McDavid.
4:15 of 1st period - Shot Misses the Net.
4:21 of 1st period - Snap shot by Brett Howden.
4:21 of 1st period - Shot Misses the Net.
4:27 of 1st period - Slapshot by Morgan Frost.
4:27 of 1st period - Stopped by Lukas Dostal with a rebound.
4:29 of 1st period - Slapshot by Noah Dobson.
4:29 of 1st period - Stopped by Lukas Dostal without a rebound.
4:30 of 1st period - Leo Carlsson wins face-off versus Matt Duchene in Quebec Nordiques zone.
4:41 of 1st period - Snap shot by Matt Duchene.
4:41 of 1st period - Deflect By Marco Rossi.
4:41 of 1st period - Shot Blocked by Oliver Bjorkstrand.
4:41 of 1st period - Puck is out of play.
4:42 of 1st period - Barrett Hayton wins face-off versus Connor McDavid in Chicago Black Hawks zone.
4:47 of 1st period - Connor McDavid is hit by Barrett Hayton and loses puck.
4:54 of 1st period - Slapshot by Michael Anderson.
4:54 of 1st period - Shot Blocked by Noah Dobson.
5:09 of 1st period - Michael Anderson is hit by Noah Dobson.
5:33 of 1st period - Slapshot by Frederick Gaudreau.
5:33 of 1st period - Stopped by Filip Gustavsson without a rebound.
5:34 of 1st period - Matthew Beniers wins face-off versus Michael McCarron in Chicago Black Hawks zone.
5:53 of 1st period - Alexandre Carrier is hit by Justin Faulk and loses puck.
6:00 of 1st period - Zachary Werenski is hit by Michael McCarron.
6:05 of 1st period - Icing by Jake Middleton.
6:06 of 1st period - Barrett Hayton wins face-off versus Michael McCarron in Quebec Nordiques zone.
7:05 of 1st period - Backhand shot by Matthew Beniers.
7:05 of 1st period - Shot Misses the Net.
7:07 of 1st period - Slapshot by Matthew Beniers.
7:07 of 1st period - Deflect By Shane Wright.
7:07 of 1st period - Stopped by Lukas Dostal with a rebound.
7:14 of 1st period - Icing by Alex Vlasic.
7:15 of 1st period - Barrett Hayton wins face-off versus Rickard Rakell in Quebec Nordiques zone.
7:22 of 1st period - Snap shot by Barrett Hayton.
7:22 of 1st period - Shot Misses the Net.
7:30 of 1st period - Zachary Werenski is hit by Alex Vlasic and loses puck.
7:45 of 1st period - Slapshot by Leo Carlsson.
7:45 of 1st period - Stopped by Lukas Dostal with a rebound.
8:05 of 1st period - Michael Anderson is hit by Morgan Frost and loses puck.
8:24 of 1st period - Snap shot by Matthew Beniers.
8:24 of 1st period - Shot Misses the Net.
8:26 of 1st period - Snap shot by Jonas Brodin.
8:26 of 1st period - Deflect By Shane Wright.
8:26 of 1st period - Shot Blocked by Alexandre Carrier.
8:26 of 1st period - Puck is out of play.
8:27 of 1st period - Michael McCarron wins face-off versus Matthew Beniers in Quebec Nordiques zone.
8:36 of 1st period - Snap shot by Matthew Beniers.
8:36 of 1st period - Shot Blocked by Frederick Gaudreau.
8:38 of 1st period - Wrist shot by Matthew Beniers.
8:38 of 1st period - Stopped by Lukas Dostal with a rebound.
8:40 of 1st period - Snap shot by Shane Wright.
8:40 of 1st period - Stopped by Lukas Dostal with a rebound.
9:34 of 1st period - Leo Carlsson is hit by Nikolaj Ehlers and loses puck.
9:57 of 1st period - Snap shot by Oliver Bjorkstrand.
9:57 of 1st period - Shot Misses the Net.
9:59 of 1st period - Wrist shot by Noah Dobson.
9:59 of 1st period - Deflect By Oliver Bjorkstrand.
9:59 of 1st period - Stopped by Lukas Dostal with a rebound.
10:01 of 1st period - Wrist shot by Eeli Tolvanen.
10:01 of 1st period - Shot Misses the Net.
10:07 of 1st period - Wrist shot by Eeli Tolvanen.
10:07 of 1st period - Stopped by Lukas Dostal without a rebound.
10:08 of 1st period - Matthew Knies wins face-off versus Barrett Hayton in Quebec Nordiques zone.
10:15 of 1st period - Wrist shot by Trevor Zegras.
10:15 of 1st period - Deflect By Matt Duchene.
10:15 of 1st period - Stopped by Lukas Dostal without a rebound.
10:16 of 1st period - Barrett Hayton wins face-off versus Marco Rossi in Quebec Nordiques zone.
10:25 of 1st period - Wrist shot by Trevor Zegras.
10:25 of 1st period - Shot Misses the Net.
10:27 of 1st period - Slapshot by Zachary Werenski.
10:27 of 1st period - Stopped by Lukas Dostal without a rebound.
10:28 of 1st period - Barrett Hayton wins face-off versus Alex DeBrincat in Quebec Nordiques zone.
10:55 of 1st period - Matthew Beniers is hit by Michael Anderson and loses puck.
11:31 of 1st period - Off-side.
11:32 of 1st period - Marco Rossi wins face-off versus Leo Carlsson in neutral zone.
11:42 of 1st period - Icing by Zachary Werenski.
11:43 of 1st period - Leo Carlsson wins face-off versus Connor McDavid in Chicago Black Hawks zone.
12:41 of 1st period - Wrist shot by Steven Stamkos.
12:41 of 1st period - Shot Misses the Net.
13:32 of 1st period - Slapshot by Oliver Bjorkstrand.
13:32 of 1st period - Stopped by Lukas Dostal without a rebound.
13:33 of 1st period - Barrett Hayton wins face-off versus Shane Pinto in Quebec Nordiques zone.
13:34 of 1st period - Snap shot by Lucas Raymond.
13:34 of 1st period - Shot Misses the Net.
13:36 of 1st period - Slapshot by Noah Dobson.
13:36 of 1st period - Shot Blocked by Thomas Harley.
14:21 of 1st period - Icing by Morgan Frost.
14:22 of 1st period - Michael McCarron wins face-off versus Morgan Frost in Chicago Black Hawks zone.
14:25 of 1st period - Slapshot by Frederick Gaudreau.
14:25 of 1st period - Shot Misses the Net.
15:21 of 1st period - Snap shot by Brett Howden.
15:21 of 1st period - Shot Misses the Net.
15:23 of 1st period - Slapshot by Christopher Tanev.
15:23 of 1st period - Shot Blocked by Connor Brown.
15:27 of 1st period - Slapshot by Brett Howden.
15:27 of 1st period - Stopped by Lukas Dostal with a rebound.
15:29 of 1st period - Slapshot by Brent Burns.
15:29 of 1st period - Deflect By Brett Howden.
15:29 of 1st period - Stopped by Lukas Dostal without a rebound.
15:30 of 1st period - Barrett Hayton wins face-off versus Marco Rossi in Quebec Nordiques zone.
16:05 of 1st period - Slapshot by Nikolaj Ehlers.
16:05 of 1st period - Deflect By Rickard Rakell.
16:05 of 1st period - Shot Hit the Post.
16:05 of 1st period - Puck is out of play.
16:06 of 1st period - Barrett Hayton wins face-off versus Nikolaj Ehlers in Chicago Black Hawks zone.
16:16 of 1st period - Wrist shot by Barrett Hayton.
16:16 of 1st period - Shot Misses the Net.
16:18 of 1st period - Snap shot by Zachary Werenski.
16:18 of 1st period - Shot Misses the Net.
16:34 of 1st period - Off-side.
16:35 of 1st period - Matthew Beniers wins face-off versus Matt Duchene in neutral zone.
16:38 of 1st period - Michael Anderson is hit by Brent Burns.
16:52 of 1st period - Backhand shot by Marco Rossi.
16:52 of 1st period - Stopped by Filip Gustavsson with a rebound.
17:00 of 1st period - Slapshot by Marco Rossi.
17:00 of 1st period - Shot Misses the Net.
17:16 of 1st period - Snap shot by Marco Rossi.
17:16 of 1st period - Stopped by Filip Gustavsson with a rebound.
17:18 of 1st period - Wrist shot by Matt Duchene.
17:18 of 1st period - Shot Misses the Net.
17:20 of 1st period - Slapshot by Brock Faber.
17:20 of 1st period - Stopped by Filip Gustavsson without a rebound.
17:21 of 1st period - Shane Pinto wins face-off versus Barrett Hayton in Chicago Black Hawks zone.
17:22 of 1st period - Snap shot by Nikolaj Ehlers.
17:22 of 1st period - Deflect By Lucas Raymond.
17:22 of 1st period - Shot Blocked by Lucas Raymond.
17:22 of 1st period - Puck is out of play.
17:23 of 1st period - Barrett Hayton wins face-off versus Nikolaj Ehlers in Chicago Black Hawks zone.
17:38 of 1st period - Snap shot by Barrett Hayton.
17:38 of 1st period - Shot Blocked by Shane Pinto.
18:43 of 1st period - Off-side.
18:44 of 1st period - Connor McDavid wins face-off versus Lucas Raymond in neutral zone.
18:53 of 1st period - Trevor Zegras is hit by Alex DeBrincat and loses puck.
19:16 of 1st period - Trevor Zegras is hit by Alexandre Carrier.
19:39 of 1st period - Wrist shot by Lucas Raymond.
19:39 of 1st period - Stopped by Lukas Dostal without a rebound.
19:40 of 1st period - Matthew Beniers wins face-off versus Marco Rossi in Quebec Nordiques zone.
Goals for this period are 0 for Quebec Nordiques vs 0 for Chicago Black Hawks.
Shots for this period are 5 for Quebec Nordiques vs 17 for Chicago Black Hawks.
2nd period
0:01 of 2nd period - Barrett Hayton wins face-off versus Matthew Knies in neutral zone.
1:08 of 2nd period - Noah Dobson is hit by Thomas Harley.
1:12 of 2nd period - Wrist shot by Matt Duchene.
1:12 of 2nd period - Stopped by Filip Gustavsson with a rebound.
1:30 of 2nd period - Snap shot by Steven Stamkos.
1:30 of 2nd period - Stopped by Filip Gustavsson without a rebound.
1:31 of 2nd period - Barrett Hayton wins face-off versus Connor McDavid in Chicago Black Hawks zone.
2:22 of 2nd period - Wrist shot by Leo Carlsson.
2:22 of 2nd period - Stopped by Lukas Dostal with a rebound.
2:24 of 2nd period - Slapshot by Brent Burns.
2:24 of 2nd period - Stopped by Lukas Dostal with a rebound.
2:26 of 2nd period - Snap shot by Oliver Bjorkstrand.
2:26 of 2nd period - Stopped by Lukas Dostal with a rebound.
2:36 of 2nd period - Snap shot by Frederick Gaudreau.
2:36 of 2nd period - Shot Misses the Net.
2:38 of 2nd period - Slapshot by Thomas Harley.
2:38 of 2nd period - Deflect By Frederick Gaudreau.
2:38 of 2nd period - Shot Blocked by Brent Burns.
2:38 of 2nd period - Puck is out of play.
2:39 of 2nd period - Michael McCarron wins face-off versus Morgan Frost in Chicago Black Hawks zone.
2:42 of 2nd period - Wrist shot by Frederick Gaudreau.
2:42 of 2nd period - Shot Blocked by Brett Howden.
2:44 of 2nd period - Snap shot by Michael McCarron.
2:44 of 2nd period - Shot Misses the Net.
2:52 of 2nd period - Wrist shot by Connor Brown.
2:52 of 2nd period - Shot Misses the Net.
2:54 of 2nd period - Snap shot by Brock Faber.
2:54 of 2nd period - Shot Blocked by Zachary Werenski.
3:11 of 2nd period - Snap shot by Lucas Raymond.
3:11 of 2nd period - Stopped by Lukas Dostal with a rebound.
3:27 of 2nd period - Snap shot by Nikolaj Ehlers.
3:27 of 2nd period - Shot Blocked by Oliver Bjorkstrand.
3:29 of 2nd period - Snap shot by Rickard Rakell.
3:29 of 2nd period - Stopped by Filip Gustavsson without a rebound.
3:30 of 2nd period - Leo Carlsson wins face-off versus Nikolaj Ehlers in Chicago Black Hawks zone.
3:37 of 2nd period - Slapshot by Nikolaj Ehlers.
3:37 of 2nd period - Stopped by Filip Gustavsson with a rebound.
3:39 of 2nd period - Snap shot by Jake Middleton.
3:39 of 2nd period - Stopped by Filip Gustavsson with a rebound.
3:41 of 2nd period - Slapshot by Shane Pinto.
3:41 of 2nd period - Shot Misses the Net.
3:43 of 2nd period - Snap shot by Rickard Rakell.
3:43 of 2nd period - Stopped by Filip Gustavsson with a rebound.
3:45 of 2nd period - Snap shot by Nikolaj Ehlers.
3:45 of 2nd period - Stopped by Filip Gustavsson with a rebound.
3:51 of 2nd period - Minor Penalty to Jonas Brodin for Roughing.
3:52 of 2nd period - Connor McDavid wins face-off versus Oliver Bjorkstrand in Chicago Black Hawks zone.
3:55 of 2nd period - Wrist shot by Connor McDavid.
3:55 of 2nd period - Goal by Connor McDavid - Quebec Nordiques : 1 - Chicago Black Hawks : 0.
3:56 of 2nd period - Matthew Beniers wins face-off versus Marco Rossi in neutral zone.
4:07 of 2nd period - Snap shot by Matt Duchene.
4:07 of 2nd period - Shot Misses the Net.
4:09 of 2nd period - Snap shot by Matt Duchene.
4:09 of 2nd period - Stopped by Filip Gustavsson with a rebound.
4:23 of 2nd period - Jonas Brodin is hit by Steven Stamkos and loses puck.
4:50 of 2nd period - Slapshot by Shane Pinto.
4:50 of 2nd period - Stopped by Filip Gustavsson with a rebound.
4:52 of 2nd period - Wrist shot by Nikolaj Ehlers.
4:52 of 2nd period - Stopped by Filip Gustavsson without a rebound.
4:53 of 2nd period - Marco Rossi wins face-off versus Matthew Beniers in Chicago Black Hawks zone.
4:54 of 2nd period - Wrist shot by Matt Duchene.
4:54 of 2nd period - Shot Blocked by Brent Burns.
5:00 of 2nd period - Wrist shot by Matthew Knies.
5:00 of 2nd period - Shot Blocked by Bobby Brink.
5:02 of 2nd period - Wrist shot by Matt Duchene.
5:02 of 2nd period - Shot Blocked by Christopher Tanev.
5:04 of 2nd period - Wrist shot by Marco Rossi.
5:04 of 2nd period - Stopped by Filip Gustavsson without a rebound.
5:05 of 2nd period - Barrett Hayton wins face-off versus Connor McDavid in Chicago Black Hawks zone.
5:05 of 2nd period - Barrett Hayton is hit by Brock Faber.
5:56 of 2nd period - Marco Rossi is hit by Eeli Tolvanen.
6:34 of 2nd period - Slapshot by Morgan Frost.
6:34 of 2nd period - Shot Misses the Net.
6:36 of 2nd period - Wrist shot by Ryan Suzuki.
6:36 of 2nd period - Shot Misses the Net.
6:38 of 2nd period - Snap shot by Morgan Frost.
6:38 of 2nd period - Stopped by Lukas Dostal without a rebound.
6:39 of 2nd period - Connor McDavid wins face-off versus Morgan Frost in Quebec Nordiques zone.
6:50 of 2nd period - Snap shot by Steven Stamkos.
6:50 of 2nd period - Shot Blocked by Jonas Brodin.
7:10 of 2nd period - Slapshot by Morgan Frost.
7:10 of 2nd period - Stopped by Lukas Dostal without a rebound.
7:11 of 2nd period - Leo Carlsson wins face-off versus Marco Rossi in Quebec Nordiques zone.
7:26 of 2nd period - Snap shot by Oliver Bjorkstrand.
7:26 of 2nd period - Stopped by Lukas Dostal without a rebound.
7:27 of 2nd period - Matthew Beniers wins face-off versus Connor McDavid in Quebec Nordiques zone.
8:03 of 2nd period - Wrist shot by Matt Duchene.
8:03 of 2nd period - Stopped by Filip Gustavsson without a rebound.
8:04 of 2nd period - Barrett Hayton wins face-off versus Shane Pinto in Chicago Black Hawks zone.
8:11 of 2nd period - Snap shot by Shane Pinto.
8:11 of 2nd period - Shot Misses the Net.
8:13 of 2nd period - Wrist shot by Shane Pinto.
8:13 of 2nd period - Shot Misses the Net.
8:15 of 2nd period - Wrist shot by Shane Pinto.
8:15 of 2nd period - Stopped by Filip Gustavsson with a rebound.
8:17 of 2nd period - Snap shot by Rickard Rakell.
8:17 of 2nd period - Shot Blocked by Lucas Raymond.
8:19 of 2nd period - Backhand shot by Rickard Rakell.
8:19 of 2nd period - Shot Misses the Net.
8:39 of 2nd period - Icing by Matthew Knies.
8:40 of 2nd period - Marco Rossi wins face-off versus Leo Carlsson in Quebec Nordiques zone.
8:43 of 2nd period - Snap shot by Leo Carlsson.
8:43 of 2nd period - Shot Misses the Net.
8:47 of 2nd period - Wrist shot by Leo Carlsson.
8:47 of 2nd period - Shot Misses the Net.
8:49 of 2nd period - Wrist shot by Zachary Werenski.
8:49 of 2nd period - Shot Misses the Net.
8:55 of 2nd period - Snap shot by Oliver Bjorkstrand.
8:55 of 2nd period - Stopped by Lukas Dostal without a rebound.
8:56 of 2nd period - Connor McDavid wins face-off versus Lucas Raymond in Quebec Nordiques zone.
9:24 of 2nd period - Minor Penalty to Zachary Werenski for Goalie Interference.
9:25 of 2nd period - Connor McDavid wins face-off versus Barrett Hayton in Chicago Black Hawks zone.
10:17 of 2nd period - Rickard Rakell is hit by Oliver Bjorkstrand and loses puck.
11:24 of 2nd period - Penalty to Zachary Werenski is over, Zachary Werenski is back on ice.
11:34 of 2nd period - Connor Brown is hit by Justin Faulk and loses puck.
11:45 of 2nd period - Morgan Frost is hit by Alexandre Carrier and loses puck.
12:11 of 2nd period - Shane Pinto is hit by Trevor Zegras and loses puck.
13:35 of 2nd period - Minor Penalty to Jonas Brodin for High sticking.
13:36 of 2nd period - Connor McDavid wins face-off versus Oliver Bjorkstrand in Chicago Black Hawks zone.
13:36 of 2nd period - Wrist shot by Rickard Rakell.
13:36 of 2nd period - Shot Misses the Net.
13:56 of 2nd period - Slapshot by Matthew Beniers.
13:56 of 2nd period - Stopped by Lukas Dostal with a rebound.
13:58 of 2nd period - Slapshot by Brent Burns.
13:58 of 2nd period - Shot Blocked by Brock Faber.
14:05 of 2nd period - Icing by Matthew Knies.
14:06 of 2nd period - Matthew Knies wins face-off versus Oliver Bjorkstrand in Quebec Nordiques zone.
14:13 of 2nd period - Wrist shot by Thomas Harley.
14:13 of 2nd period - Deflect By Steven Stamkos.
14:13 of 2nd period - Goal by Steven Stamkos - Quebec Nordiques : 2 - Chicago Black Hawks : 0.
14:14 of 2nd period - Leo Carlsson wins face-off versus Connor McDavid in neutral zone.
14:25 of 2nd period - Snap shot by Oliver Bjorkstrand.
14:25 of 2nd period - Shot Blocked by Brock Faber.
14:27 of 2nd period - Snap shot by Eeli Tolvanen.
14:27 of 2nd period - Deflect By Alex DeBrincat.
14:27 of 2nd period - Shot Misses the Net.
14:27 of 2nd period - Puck is out of play.
14:28 of 2nd period - Barrett Hayton wins face-off versus Marco Rossi in Quebec Nordiques zone.
14:31 of 2nd period - Slapshot by Lucas Raymond.
14:31 of 2nd period - Shot Misses the Net.
15:00 of 2nd period - Snap shot by Steven Stamkos.
15:00 of 2nd period - Shot Misses the Net.
15:07 of 2nd period - Off-side.
15:08 of 2nd period - Matthew Beniers wins face-off versus Shane Pinto in neutral zone.
15:37 of 2nd period - Snap shot by Barrett Hayton.
15:37 of 2nd period - Deflect By Lucas Raymond.
15:37 of 2nd period - Stopped by Lukas Dostal with a rebound.
16:28 of 2nd period - Wrist shot by Rickard Rakell.
16:28 of 2nd period - Stopped by Filip Gustavsson with a rebound.
16:30 of 2nd period - Slapshot by Brock Faber.
16:30 of 2nd period - Deflect By Oliver Bjorkstrand.
16:30 of 2nd period - Stopped by Filip Gustavsson without a rebound.
16:31 of 2nd period - Barrett Hayton wins face-off versus Connor McDavid in Chicago Black Hawks zone.
16:36 of 2nd period - Snap shot by Connor McDavid.
16:36 of 2nd period - Stopped by Filip Gustavsson with a rebound.
16:38 of 2nd period - Snap shot by Steven Stamkos.
16:38 of 2nd period - Shot Blocked by Jonas Brodin.
17:34 of 2nd period - Minor Penalty to Brett Howden for Slashing.
17:35 of 2nd period - Barrett Hayton wins face-off versus Connor McDavid in Chicago Black Hawks zone.
17:35 of 2nd period - Barrett Hayton is hit by Brock Faber.
19:34 of 2nd period - Penalty to Brett Howden is over, Brett Howden is back on ice.
Goals for this period are 2 for Quebec Nordiques vs 0 for Chicago Black Hawks.
Shots for this period are 18 for Quebec Nordiques vs 10 for Chicago Black Hawks.
3rd period
0:01 of 3rd period - Barrett Hayton wins face-off versus Connor McDavid in neutral zone.
0:26 of 3rd period - Justin Faulk is hit by Shane Pinto and loses puck.
1:17 of 3rd period - Snap shot by Bobby Brink.
1:17 of 3rd period - Stopped by Lukas Dostal without a rebound.
1:18 of 3rd period - Shane Wright wins face-off versus Connor McDavid in Quebec Nordiques zone.
1:27 of 3rd period - Wrist shot by Brock Faber.
1:27 of 3rd period - Stopped by Filip Gustavsson without a rebound.
1:28 of 3rd period - Connor McDavid wins face-off versus Leo Carlsson in Chicago Black Hawks zone.
1:31 of 3rd period - Wrist shot by Steven Stamkos.
1:31 of 3rd period - Shot Blocked by Noah Dobson.
1:33 of 3rd period - Snap shot by Alex DeBrincat.
1:33 of 3rd period - Shot Misses the Net.
1:35 of 3rd period - Wrist shot by Connor McDavid.
1:35 of 3rd period - Stopped by Filip Gustavsson without a rebound.
1:36 of 3rd period - Connor McDavid wins face-off versus Leo Carlsson in Chicago Black Hawks zone.
1:45 of 3rd period - Slapshot by Leo Carlsson.
1:45 of 3rd period - Shot Misses the Net.
1:47 of 3rd period - Slapshot by Christopher Tanev.
1:47 of 3rd period - Deflect By Alex DeBrincat.
1:47 of 3rd period - Stopped by Lukas Dostal with a rebound.
2:01 of 3rd period - Marco Rossi is hit by Barrett Hayton and loses puck.
2:36 of 3rd period - Bobby Brink is hit by Rickard Rakell.
3:17 of 3rd period - Wrist shot by Frederick Gaudreau.
3:17 of 3rd period - Shot Misses the Net.
3:54 of 3rd period - Wrist shot by Rickard Rakell.
3:54 of 3rd period - Deflect By Shane Wright.
3:54 of 3rd period - Goal by Rickard Rakell - Quebec Nordiques : 3 - Chicago Black Hawks : 0.
3:55 of 3rd period - Connor McDavid wins face-off versus Barrett Hayton in neutral zone.
4:22 of 3rd period - Matthew Knies is hit by Jonas Brodin and loses puck.
4:35 of 3rd period - Snap shot by Matthew Beniers.
4:35 of 3rd period - Stopped by Lukas Dostal with a rebound.
4:49 of 3rd period - Justin Faulk is hit by Shane Pinto and loses puck.
5:31 of 3rd period - Wrist shot by Alex DeBrincat.
5:31 of 3rd period - Deflect By Connor McDavid.
5:31 of 3rd period - Shot Blocked by Trevor Zegras.
5:31 of 3rd period - Puck is out of play.
5:32 of 3rd period - Leo Carlsson wins face-off versus Connor McDavid in Chicago Black Hawks zone.
5:52 of 3rd period - Snap shot by Connor McDavid.
5:52 of 3rd period - Stopped by Filip Gustavsson with a rebound.
5:54 of 3rd period - Slapshot by Alex Vlasic.
5:54 of 3rd period - Stopped by Filip Gustavsson without a rebound.
5:55 of 3rd period - Marco Rossi wins face-off versus Lucas Raymond in Chicago Black Hawks zone.
6:06 of 3rd period - Snap shot by Lucas Raymond.
6:06 of 3rd period - Stopped by Lukas Dostal without a rebound.
6:07 of 3rd period - Connor McDavid wins face-off versus Matthew Beniers in Quebec Nordiques zone.
6:07 of 3rd period - Connor McDavid is hit by Jonas Brodin.
6:20 of 3rd period - Icing by Noah Dobson.
6:21 of 3rd period - Matthew Beniers wins face-off versus Marco Rossi in Chicago Black Hawks zone.
6:21 of 3rd period - Matthew Beniers is hit by Marco Rossi.
6:30 of 3rd period - Minor Penalty to Michael Anderson for Roughing.
6:31 of 3rd period - Leo Carlsson wins face-off versus Shane Pinto in Quebec Nordiques zone.
6:37 of 3rd period - Slapshot by Zachary Werenski.
6:37 of 3rd period - Shot Misses the Net.
6:59 of 3rd period - Slapshot by Morgan Frost.
6:59 of 3rd period - Goal by Morgan Frost - Quebec Nordiques : 3 - Chicago Black Hawks : 1.
7:00 of 3rd period - Barrett Hayton wins face-off versus Connor McDavid in neutral zone.
7:11 of 3rd period - Wrist shot by Lucas Raymond.
7:11 of 3rd period - Shot Blocked by Steven Stamkos.
7:25 of 3rd period - Justin Faulk is hit by Marco Rossi and loses puck.
7:34 of 3rd period - Slapshot by Noah Dobson.
7:34 of 3rd period - Shot Blocked by Marco Rossi.
9:14 of 3rd period - Slapshot by Brock Faber.
9:14 of 3rd period - Stopped by Filip Gustavsson without a rebound.
9:15 of 3rd period - Leo Carlsson wins face-off versus Shane Pinto in Chicago Black Hawks zone.
9:22 of 3rd period - Snap shot by Leo Carlsson.
9:22 of 3rd period - Shot Blocked by Nikolaj Ehlers.
9:24 of 3rd period - Snap shot by Eeli Tolvanen.
9:24 of 3rd period - Shot Misses the Net.
9:26 of 3rd period - Wrist shot by Leo Carlsson.
9:26 of 3rd period - Shot Misses the Net.
10:38 of 3rd period - Snap shot by Rickard Rakell.
10:38 of 3rd period - Stopped by Filip Gustavsson with a rebound.
11:25 of 3rd period - Wrist shot by Trevor Zegras.
11:25 of 3rd period - Stopped by Lukas Dostal with a rebound.
11:41 of 3rd period - Michael McCarron is hit by Ryan Suzuki and loses puck.
11:56 of 3rd period - Slapshot by Connor McDavid.
11:56 of 3rd period - Stopped by Filip Gustavsson without a rebound.
11:57 of 3rd period - Matthew Beniers wins face-off versus Connor McDavid in Chicago Black Hawks zone.
12:47 of 3rd period - Marco Rossi is hit by Eeli Tolvanen and loses puck.
13:20 of 3rd period - Wrist shot by Frederick Gaudreau.
13:20 of 3rd period - Stopped by Filip Gustavsson without a rebound.
13:21 of 3rd period - Matthew Beniers wins face-off versus Connor Brown in Chicago Black Hawks zone.
13:30 of 3rd period - Wrist shot by Frederick Gaudreau.
13:30 of 3rd period - Shot Misses the Net.
13:32 of 3rd period - Snap shot by Alex Vlasic.
13:32 of 3rd period - Stopped by Filip Gustavsson without a rebound.
13:33 of 3rd period - Barrett Hayton wins face-off versus Alex DeBrincat in Chicago Black Hawks zone.
13:52 of 3rd period - Trevor Zegras is hit by Alex DeBrincat and loses puck.
14:22 of 3rd period - Icing by Lucas Raymond.
14:23 of 3rd period - Marco Rossi wins face-off versus Leo Carlsson in Chicago Black Hawks zone.
14:51 of 3rd period - Wrist shot by Brett Howden.
14:51 of 3rd period - Stopped by Lukas Dostal with a rebound.
14:53 of 3rd period - Slapshot by Christopher Tanev.
14:53 of 3rd period - Shot Misses the Net.
14:55 of 3rd period - Snap shot by Brett Howden.
14:55 of 3rd period - Shot Blocked by Alex Vlasic.
14:57 of 3rd period - Slapshot by Brett Howden.
14:57 of 3rd period - Deflect By Morgan Frost.
14:57 of 3rd period - Stopped by Lukas Dostal without a rebound.
14:58 of 3rd period - Connor McDavid wins face-off versus Matthew Beniers in Quebec Nordiques zone.
14:58 of 3rd period - Connor McDavid is hit by Shane Wright.
15:14 of 3rd period - Snap shot by Steven Stamkos.
15:14 of 3rd period - Stopped by Filip Gustavsson with a rebound.
15:24 of 3rd period - Christopher Tanev is hit by Michael Anderson and loses puck.
15:35 of 3rd period - Wrist shot by Brent Burns.
15:35 of 3rd period - Stopped by Lukas Dostal with a rebound.
16:06 of 3rd period - Wrist shot by Alex DeBrincat.
16:06 of 3rd period - Stopped by Filip Gustavsson without a rebound.
16:07 of 3rd period - Connor McDavid wins face-off versus Morgan Frost in Chicago Black Hawks zone.
16:12 of 3rd period - Slapshot by Connor McDavid.
16:12 of 3rd period - Shot Misses the Net.
16:14 of 3rd period - Slapshot by Brock Faber.
16:14 of 3rd period - Stopped by Filip Gustavsson without a rebound.
16:15 of 3rd period - Matthew Beniers wins face-off versus Shane Pinto in Chicago Black Hawks zone.
16:17 of 3rd period - Minor Penalty to Shane Wright for Hooking.
16:18 of 3rd period - Oliver Bjorkstrand wins face-off versus Rickard Rakell in Chicago Black Hawks zone.
16:30 of 3rd period - Wrist shot by Connor McDavid.
16:30 of 3rd period - Stopped by Filip Gustavsson with a rebound.
16:32 of 3rd period - Snap shot by Thomas Harley.
16:32 of 3rd period - Goal by Thomas Harley - Quebec Nordiques : 4 - Chicago Black Hawks : 1.
16:33 of 3rd period - Oliver Bjorkstrand wins face-off versus Connor McDavid in neutral zone.
16:36 of 3rd period - Slapshot by Zachary Werenski.
16:36 of 3rd period - Stopped by Lukas Dostal with a rebound.
16:45 of 3rd period - Off-side.
16:46 of 3rd period - Leo Carlsson wins face-off versus Connor McDavid in neutral zone.
17:29 of 3rd period - Snap shot by Leo Carlsson.
17:29 of 3rd period - Stopped by Lukas Dostal without a rebound.
17:30 of 3rd period - Marco Rossi wins face-off versus Barrett Hayton in Quebec Nordiques zone.
17:37 of 3rd period - Slapshot by Matthew Knies.
17:37 of 3rd period - Shot Blocked by Zachary Werenski.
18:44 of 3rd period - Barrett Hayton is hit by Frederick Gaudreau and loses puck.
19:19 of 3rd period - Wrist shot by Bobby Brink.
19:19 of 3rd period - Stopped by Lukas Dostal with a rebound.
19:21 of 3rd period - Snap shot by Matthew Beniers.
19:21 of 3rd period - Deflect By Shane Wright.
19:21 of 3rd period - Stopped by Lukas Dostal with a rebound.
19:23 of 3rd period - Snap shot by Bobby Brink.
19:23 of 3rd period - Shot Misses the Net.
19:25 of 3rd period - Snap shot by Bobby Brink.
19:25 of 3rd period - Stopped by Lukas Dostal without a rebound.
19:26 of 3rd period - Connor McDavid wins face-off versus Trevor Zegras in Quebec Nordiques zone.
19:52 of 3rd period - Michael Anderson is hit by Shane Wright and loses puck.
19:59 of 3rd period - Wrist shot by Shane Wright.
19:59 of 3rd period - Shot Blocked by Matthew Knies.
Goals for this period are 2 for Quebec Nordiques vs 1 for Chicago Black Hawks.
Shots for this period are 15 for Quebec Nordiques vs 14 for Chicago Black Hawks.
Back to the Top